 Dungeon Crawl Stone Soup version 0.21-a0-450-gd87a9b2 (webtiles) character file.

217 slep the Slasher (level 5, -4/28 HPs)
             Began as a Vine Stalker Monk on Nov 19, 2017.
             Slain by kylix's ghost (7 damage)
             ... on level 3 of the Dungeon.
             The game lasted 00:05:43 (1508 turns).

slep the Slasher (Vine Stalker Monk)                Turns: 1508, Time: 00:05:44

Health: -4/28      AC:  7    Str: 14 (15) XL:     5   Next: 94%
Magic:  0/6        EV: 12    Int:  7 (10) God:
Gold:   55         SH:  0    Dex: 15 (16) Spells: 4/4 levels left

rFire    . . .     SeeInvis .   a - +0 falchion
rCold    . . .     Gourm    .   (no shield)
rNeg     . . .     Faith    .   g - +0 ring mail
rPois    .         Spirit   +   (no helmet)
rElec    .         Reflect  .   (no cloak)
rCorr    .         Harm     .   q - +0 pair of gloves
MR       .....                  n - +0 pair of boots
Stlth    ++........             (no amulet)
HPRegen  0.49/turn              (no ring)
MPRegen  0.10/turn              (no ring)

@: no status effects
A: fangs 2, regeneration 1, magic shield, antimagic bite, no potion heal 3, rot
immunity
a: no special abilities


You were on level 3 of the Dungeon.
You were hungry.

You visited 1 branch of the dungeon, and saw 3 of its levels.

You collected 55 gold pieces.

Inventory:

Hand Weapons
 a - a +0 falchion (weapon)
Armour
 b - a +0 robe
 g - a +0 ring mail (worn)
 n - a +0 pair of boots (worn)
 q - a +0 pair of gloves (worn)
Scrolls
 e - a scroll of teleportation {unknown}
 f - a scroll of immolation {unknown}
 j - a scroll of random uselessness {unknown}
 k - a scroll of remove curse {unknown}
 l - a scroll of enchant weapon {unknown}
 m - a scroll of amnesia {unknown}
 p - 2 scrolls of identify {unknown}
 r - a scroll of recharging {unknown}
Potions
 d - a potion of agility
 i - a potion of magic
 s - a potion of degeneration
Comestibles
 c - a bread ration
 h - 2 royal jellies
 o - a meat ration


   Skills:
 + Level 3.4 Fighting
 + Level 4.6 Long Blades
 + Level 1.0 Armour
 + Level 2.8 Dodging
 + Level 3.2 Stealth


You had 4 spell levels left.
You didn't know any spells.

Dungeon Overview and Level Annotations

Branches:
Dungeon (3/15)

Altars:
Zin

Annotations:
D:3 kylix's ghost, amateur TrCK


Innate Abilities, Weirdness & Mutations

You have extremely sharp teeth.
Your natural rate of healing is unusually fast.
When hurt, damage is shared between your health and your magic reserves.
Your bite disrupts and absorbs the magic of your enemies.
Potions cannot restore your health.
You are immune to rotting.


Message History

Kylix's ghost hits you.
You hit kylix's ghost but do no damage. Your bite misses kylix's ghost.
Kylix's ghost is heavily damaged.
Kylix's ghost barely misses you.
You riposte.
You hit kylix's ghost but do no damage.
Kylix's ghost is heavily damaged.
You barely miss kylix's ghost.
Kylix's ghost is heavily damaged.
Kylix's ghost hits you but does no damage.
You hit kylix's ghost but do no damage.
Kylix's ghost is heavily damaged.
Kylix's ghost hits you!
* * * LOW HITPOINT WARNING * * *
You hit kylix's ghost but do no damage.
Kylix's ghost is heavily damaged.
Kylix's ghost closely misses you.
You hit kylix's ghost.
Kylix's ghost is severely damaged.
Kylix's ghost hits you!
You die...

##....##.#######..
###.....<### #.#
....(......####.#
..##..........#.######
..........>###........#
# #...##.#............#
#... #....###[......#
#... ...... #...#####
.. ........#@..#
.........W...#
#........#...#
..........# ....###...#
.... #...# #.# ..... #.
#.##.#


You could see kylix's ghost.

Vanquished Creatures
  Sigmund (D:2)
  An adder (D:2)
  An ooze (D:1)
  2 worms
  A dart slug (D:2)
  3 leopard geckos
  A ball python (D:2)
  4 hobgoblins
  5 kobolds
  4 bats
  3 frilled lizards
  4 goblins
  5 rats
35 creatures vanquished.

Notes
Turn   | Place    | Note
-------+----------+-------------------------------------------
     0 | D:1      | slep the Vine Stalker Monk began the quest for the Orb.
     0 | D:1      | Reached XP level 1. HP: 11/11 MP: 2/2
   170 | D:1      | Reached XP level 2. HP: 16/16 MP: 3/3
   277 | D:1      | Reached skill level 3 in Long Blades
   709 | D:2      | Reached XP level 3. HP: 19/19 MP: 4/4
  1146 | D:2      | Noticed Sigmund
  1194 | D:2      | Killed Sigmund
  1194 | D:2      | Reached skill level 4 in Long Blades
  1194 | D:2      | Reached skill level 1 in Armour
  1194 | D:2      | Gained mutation: Your natural rate of healing is unusually fast. [Vine Stalker growth]
  1194 | D:2      | Reached XP level 4. HP: 24/24 MP: 5/5
  1194 | D:2      | Reached XP level 5. HP: 28/28 MP: 6/6
  1346 | D:2      | Found a glowing silver altar of Zin.
  1485 | D:3      | Noticed kylix's ghost (amateur TrCK)
  1508 | D:3      | Slain by kylix's ghost

Vault maps used:
D:1:      ncdulo_lavacross, minmay_split_cup_small
D:2:      zin_treasury, uniq_sigmund
D:3:      gup_sewer_entry_spiral, uniq_ijyb

Skill      XL: |  1  2  3 |
---------------+----------+-----
Long Blades    | 3 4 |  4.6
Fighting       | 3 |  3.4
Armour         | 1 |  1.0
Stealth        | 3 |  3.2
Dodging        | |  2.8

Action                   |  1- 3 |  4- 6 || total
-------------------------+-------+-------++-------
Melee: Falchion          |    61 |    36 ||    97
       Bite              |    10 |    16 ||    26
  Use: Potion            |     2 |     1 ||     3
 Stab: Sleeping          |     2 |     2 ||     4
  Eat: Chunk             |     1 |       ||     1
Armor: Ring mail         |    15 |     7 ||    22
Dodge: Dodged            |    36 |    17 ||    53
       Rpst.: Falchion   |     9 |     6 ||    15

Table legend:
 A = Spawn XP
 B = Non-spawn XP
 C = Spawn XP percentage of total XP
 D = Spawn monster count
 E = Non-spawn monster count
 F = Spawn count percentage of total count
 G = Total turns spent on level
                    A         B        C        D         E        F      G
               +---------+---------+-------+---------+---------+-------+---------
         Total |       0 |     310 |   0.0 |       0 |      35 |   0.0 |  1508
               +---------+---------+-------+---------+---------+-------+---------
           D:1 |       0 |      33 |   0.0 |       0 |      18 |   0.0 |   684
           D:2 |       0 |     268 |   0.0 |       0 |      14 |   0.0 |   778
           D:3 |       0 |       9 |   0.0 |       0 |       3 |   0.0 |    46
               +---------+---------+-------+---------+---------+-------+---------
